 Dungeon Crawl Stone Soup version 0.29-a0-275-g389c0b56f3 (webtiles) character file.

Game seed: 4884162124715331931

568 Hubjo the Sneak (level 7, -4/47 HPs)
             Began as a Demonspawn Enchanter on Mar 12, 2022.
             Was a Believer of Hepliaklqana.
             Engulfed by a cloud of flame (22 damage)
             ... on level 4 of the Dungeon on Mar 13, 2022.
             The game lasted 00:14:41 (3102 turns).

Hubjo the Sneak (Demonspawn Enchanter)              Turns: 3102, Time: 00:14:41

Health: -4/47      AC: 16    Str:  8    XL:     7   Next: 11%
Magic:  12/12      EV: 16    Int: 16    God:    Hepliaklqana [**....]
Gold:   83         SH:  0    Dex: 16    Spells: 13/13 levels left

rFire   . . .      SeeInvis .   v - +1 short sword (venom)
rCold   . . .      Faith    .   (no shield)
rNeg    . . .      Spirit   .   j - +1 troll leather armour
rPois   +          Reflect  .   (helmet restricted)
rElec   .          Harm     .   (no cloak)
rCorr   .          Rampage  .   f - +4 pair of gloves of the Blessed Realm {+Blink rPois}
Will    .....                   (no boots)
Stlth   +.........              (no amulet)
HPRegen 0.95/turn               (no ring)
MPRegen 0.13/turn               (no ring)

@: confused, mighty, agile, ambrosia-drunk, sanguine armoured, attractive
A: reduced essence, horns 1, icemail 1, powered by pain 2, sanguine armour 1,
condensation shield
a: Renounce Religion, Evoke Blink, Recall Ancestor, Ancestor Identity


You were on level 4 of the Dungeon.
You worshipped Hepliaklqana.
Hepliaklqana was pleased with you.
You visited 1 branch of the dungeon, and saw 4 of its levels.

You collected 143 gold pieces.
You spent 60 gold pieces at shops.

Inventory:

Hand Weapons
 a - a +1 vampiric dagger
 v - a +1 short sword of venom (weapon)
Armour
 b - a +0 robe
 f - the +4 pair of gloves of the Blessed Realm (worn) {+Blink rPois}
   (You acquired it on level 2 of the Dungeon)

   rPois:     It protects you from poison.
   +Blink:    It lets you blink.
 j - a +1 troll leather armour (worn)
Jewellery
 x - a ring of poison resistance
Scrolls
 g - a scroll of amnesia
 i - a scroll of enchant weapon
 k - a scroll of noise
 t - a scroll of identify
Potions
 c - 2 potions of invisibility
 m - a potion of brilliance {unknown}
 q - a potion of lignification {unknown}
 s - 2 potions of might
 u - a potion of curing {unknown}


   Skills:
 + Level 3.7 Fighting
 - Level 0.8 Short Blades
 - Level 1.7 Dodging
 * Level 5.1 Stealth
 * Level 3.8 Spellcasting
 - Level 3.8 Hexes
 + Level 2.0 Invocations


You had 13 spell levels left.
You didn't know any spells.
Your spell library contained the following spells:

 Spells                   Type           Power      Damage    Failure   Level
 Confusing Touch          Hex            15%        N/A       16%         3
 Tukima's Dance           Hex            15%        N/A       16%         3
 Ensorcelled Hibernation  Hex/Ice        18%        N/A       17%         2
 Dazzling Flash           Conj/Hex       18%        N/A       34%         3
 Portal Projectile        Hex/Tloc       18%        N/A       34%         3
 Sublimation of Blood     Necr           3%         N/A       36%         2
 Wereblood                Tmut           3%         N/A       36%         2
 Call Canine Familiar     Summ           3%         N/A       58%         3
 Ignite Poison            Fire/Tmut/Pois 3%         N/A       58%         3
 Mephitic Cloud           Conj/Pois/Air  3%         N/A       58%         3
 Leda's Liquefaction      Hex/Erth       4%         N/A       75%         4
 Freezing Cloud           Conj/Ice/Air   1%         6-21      100%        5
 Summon Hydra             Summ           1%         N/A       100%        7


Dungeon Overview and Level Annotations

Branches:
Dungeon (4/15)
 Temple: D:4-7

Altars:
Hepliaklqana
Uskayaw
Xom

Shops:
D:2 ?

Annotations:
D:4 Blork the orc


Innate Abilities, Weirdness & Mutations

Your life essence is reduced to manifest your ancestor. (-10% HP)
You have a pair of small horns on your head.
A meltable icy envelope protects you from harm. (AC +0)
You sometimes gain power by taking damage.
When seriously injured, your blood forms armour. (AC +6)
A meltable shield of frost defends you. (SH +0)


Message History

The orc wizard explodes!
Hubquo avoids your attack.
Things that are here:
12 gold pieces; 6 gold pieces Blork the orc comes into view.
He is wielding a +0 glaive.
The endoplasm freezes you.
You are frozen.
A goblin comes into view. It is wielding a +0 club.
You feel stable enough to blink again.
Hubquo barely misses the endoplasm.
You see here 12 gold pieces.
Deactivating autopickup; reactivate with Ctrl-A.
You puncture something!
Reactivating autopickup.
You feel a bit more experienced.
The orc wizard explodes!
The fiery explosion engulfs you!!
Your icy defenses dissipate!
Your blood congeals into armour.
The fiery explosion engulfs the endoplasm!!
You kill the endoplasm!
You are engulfed in blazing flames.
* * * LOW HITPOINT WARNING * * *
Your Invocations skill increases to level 2!
It was a potion of ambrosia.
You are confused.
You feel invigorated.
It was a potion of attraction.
You feel attractive to monsters.
An endoplasm comes into view.
The hobgoblin is attracted toward you.
You are engulfed in blazing flames.
* * * LOW HITPOINT WARNING * * *
You focus on the pain.
You feel agile all of a sudden. The hobgoblin closely misses you.
You see here 12 gold pieces.
You bump into the translucent rock wall.
You are engulfed in blazing flames.
You die...

,,,,,***......#.....## **,*
**,,,**,.............####.,*
,*****,,.(............#...** ,*
*,,.......go.§§....#** ,*
*,,.......###§###.##*##***
,*****,,.......#§§.§§#..#...*,*
,,,,,*,,..J....#§§§§.#......,,*
****,*,,.......#§g§§§#......,,***
****,,,,......o#@R§§§#..^...,,,,,
**,,,,**.....#.#.§§§§#......,,***
,,,,,,***#*###.#######......,,*
,,,**** #..........#...*,* **,*
***#..#########*##*,*** *,,***
****,...#* *,,,, *,*,,***,,,.###*
***** *,**,,,,,**** *,********


You could see the friendly Hubquo the battlemage, Blork the orc, an endoplasm
(wandering), a hobgoblin and a goblin.

Vanquished Creatures
  Natasha (twice) (D:2)
  An iguana (D:4)
  3 orc wizards (D:4)
  An adder (D:2)
  A worm (D:3)
  2 dart slugs
  6 orcs
  6 bats
  11 endoplasms
  5 goblins
  6 hobgoblins
  A jackal (D:3)
  A quokka (D:4)
  6 ball pythons
  3 frilled lizards
  5 kobolds
  5 rats
65 creatures vanquished.

Vanquished Creatures (collateral kills)
  A water moccasin (D:3)
  A bullfrog (D:3)
  A hound (D:4)
  An orc priest (D:3)
  2 orc wizards (D:3)
  3 adders
  The ghost of spaghetti the Cudgeller, a weakling OpCK of Xom (D:3)
  9 orcs
  2 giant cockroaches
  2 hobgoblins (D:4)
  5 jackals (D:3)
  A bat (D:3)
  A kobold (D:3)
  A rat (D:3)
31 creatures vanquished.

Vanquished Creatures (others)
  A battlemage (D:4)
  2 ancestors (D:2)
3 creatures vanquished.

Grand Total: 99 creatures vanquished

Notes
Turn   | Place    | Note
-------+----------+-------------------------------------------
     0 | D:1      | Hubjo the Demonspawn Enchanter began the quest for the Orb.
     0 | D:1      | Reached XP level 1. HP: 13/13 MP: 3/3
   177 | D:1      | Gained mutation: You sometimes gain a little power by
                  | taking damage. [demonic ancestry]
   177 | D:1      | Reached XP level 2. HP: 20/20 MP: 5/5
   198 | D:1      | Reached skill level 3 in Stealth
   580 | D:1      | Reached skill level 1 in Fighting
   624 | D:1      | Found a faded altar of an unknown god.
   653 | D:1      | Prayed at the altar of an unknown god.
   653 | D:1      | Became a worshipper of Hepliaklqana the Forgotten
   653 | D:1      | Reached * piety under Hepliaklqana
  1098 | D:2      | Gained mutation: You have a pair of small horns on your
                  | head. [demonic ancestry]
  1098 | D:2      | Reached XP level 3. HP: 18/23 MP: 6/6
  1488 | D:2      | Noticed Natasha
  1652 | D:2      | Killed Natasha
  1653 | D:2      | Gained mutation: When seriously injured, your blood forms
                  | armour. (AC +6) [demonic ancestry]
  1653 | D:2      | Reached XP level 4. HP: 19/29 MP: 7/7
  1812 | D:2      | Noticed Natasha
  1823 | D:2      | Killed Natasha
  1856 | D:2      | Reached ** piety under Hepliaklqana
  1857 | D:2      | Remembered your ancestor Hubquo as a battlemage
  1911 | D:2      | Found Lauvveac's Magic Scroll Boutique.
  1920 | D:2      | Bought a scroll of magic mapping for 38 gold pieces
  1920 | D:2      | Identified a scroll of acquirement
  1923 | D:2      | Acquired the +4 pair of gloves of the Blessed Realm {+Blink
                  | rPois}
  2036 | D:2      | Bought a scroll of identify for 22 gold pieces
  2156 | D:3      | Noticed a water moccasin
  2162 | D:3      | Killed a water moccasin
  2163 | D:3      | Reached skill level 4 in Stealth
  2163 | D:3      | Gained mutation: A meltable shield of frost defends you.
                  | (SH +0) [demonic ancestry]
  2163 | D:3      | Reached XP level 5. HP: 31/36 MP: 7/9
  2213 | D:3      | Gained mutation: A meltable icy envelope protects you from
                  | harm. (AC +0) [demonic ancestry]
  2213 | D:3      | Reached XP level 6. HP: 42/42 MP: 10/10
  2570 | D:3      | Found a runed translucent door.
  2574 | D:3      | Noticed spaghetti's ghost (weakling OpCK)
  2715 | D:3      | Found a runed translucent door.
  2886 | D:3      | Reached skill level 1 in Invocations
  2894 | D:3      | Killed spaghetti's ghost
  2973 | D:4      | Found a hide-covered altar of Uskayaw.
  3042 | D:4      | Reached skill level 5 in Stealth
  3075 | D:4      | Found a shimmering altar of Xom.
  3089 | D:4      | Gained mutation: You sometimes gain power by taking damage.
                  | [demonic ancestry]
  3089 | D:4      | Reached XP level 7. HP: 35/46 MP: 12/12
  3095 | D:4      | Noticed Blork the orc
  3102 | D:4      | Engulfed by a cloud of flame

Illustrated notes

Levels and vault maps discovered:
D:1:      minmay_arrival_shoal_huts, layout_basic,
          ebering_ecumenical_altar_hall, hangedman_feature_mirror,
          chequers_serial_rivers_large_b
D:2:      minmay_skewed_foursquare, layout_loops_corners, serial_shops, shop,
          uniq_natasha
D:3:      layout_basic, ebering_ghost_sewer_f
D:4:      layout_rooms, amcnicky_altar_gilded,
          mainiacjoe_overflow_concentric_impassable, serial_co_window_serial,
          co_window_paths_a, co_window_corner_a, co_window_paths_a,
          co_window_of_opportunity_a, co_window_cross_1, co_window_paths_c,
          co_window_unsneaky_path_c, co_window_unsneaky_path_b,
          uniq_blork_the_orc, uniq_sigmund

Skill      XL: |  1  2  3  4  5  6  7 |
---------------+----------------------+-----
Stealth        | 3 4 5 |  5.1
Fighting       | 1 2 3 |  3.7
Spellcasting   | 3 |  3.8
Invocations    | 1 2 |  2.0
Short Blades   | |  0.8
Dodging        | |  1.7
Hexes          | |  3.8

Action                   |  1- 3 |  4- 6 |  7- 9 || total
-------------------------+-------+-------+-------++-------
Melee: Dagger            |   144 |    93 |       ||   237
       Punch             |     3 |     1 |       ||     4
       Headbutt          |    10 |    17 |       ||    27
       Short sword       |       |    30 |     1 ||    31
Invok: Ancestor Identity |     1 |       |       ||     1
       Ancestor Life: Ba |       |     1 |       ||     1
       Recall Ancestor   |       |     1 |       ||     1
 Abil: Evoke Blink       |       |     1 |     1 ||     2
  Use: Scroll            |     2 |    12 |       ||    14
       Potion            |       |     1 |     2 ||     3
 Stab: Sleeping          |     7 |     1 |       ||     8
       Distracted        |       |     1 |       ||     1
Armor: Troll leather arm |    32 |    66 |       ||    98
       Robe              |     3 |       |       ||     3
Dodge: Dodged            |    73 |    78 |     1 ||   152
Block: Other             |       |     9 |       ||     9

Table legend: (Time is in decaauts)
 A = Elapsed time spent in this place.
 B = Non-inter-level travel time spent in this place.
 C = Inter-level travel time spent in this place.
 D = Time resting spent in this place.
 E = Time spent auto-exploring this place.
 F = Levels seen in this place.
 G = Mean time per level.
                   A        B        C        D        E       F      G
               +--------+--------+--------+--------+--------+-----+--------+
         Total |   3130 |   3023 |    107 |      0 |   2187 |   4 |  782.5 |
       Dungeon |   3130 |   3023 |    107 |      0 |   2187 |   4 |  782.5 |
               +--------+--------+--------+--------+--------+-----+--------+

Top non-repeatable levels by time:
     D:2: 1058 daAuts
     D:1: 1030 daAuts
     D:3: 905 daAuts
     D:4: 135 daAuts
